 Dungeon Crawl Stone Soup version 0.32-a0-928-g1cae6b7ea0 (webtiles) character file.

Game seed: 2099731565979782322

12905 WLBjork the Grappler (level 11, -22/178 HPs)
             Began as a Troll Berserker on Apr 12, 2024.
             Was a High Priest of Trog.
             Annihilated by Jorgrun
             ... wielding a staff of earth
              (31 damage)
             ... on level 12 of the Dungeon.
             The game lasted 00:26:07 (8035 turns).

WLBjork the Grappler (Troll Berserker)              Turns: 8035, Time: 00:26:08

Health: -22/178    AC: 11    Str: 31    XL:     11   Next: 68%
Magic:  10/10      EV:  9    Int:  3    God:    Trog [*****.]
Gold:   1014       SH:  5    Dex:  9    Spells: 10/10 levels left

rFire   . .          .
                       - Unarmed
rCold   . . .        (no shield)
rNeg    . . .        P - +2 robe {Will+}
rPois   +            (helmet restricted)
rElec   .            A - +0 cloak
rCorr   .            (gloves unavailable)
SInv    .            (boots unavailable)
Will    +....        n - amulet of reflection Stlth
                     u - +4 ring of protection
HPRegen 1.29/turn    s - ring of poison resistance
MPRegen 0.12/turn

%: reflection
@: berserking, very quick
A: large, unfitting armour, claws 3, regeneration 1, shaggy fur 1, tough skin 1
a: Renounce Religion, Berserk, Trog's Hand, Brothers in Arms


You were on level 12 of the Dungeon.
You worshipped Trog.
Trog was extremely pleased with you.
You visited 1 branch of the dungeon, and saw 12 of its levels.
You also visited: Ossuary.

You collected 1014 gold pieces.

Inventory:

Armour
 A - a +0 cloak (worn)
 P - a +2 robe of willpower (worn)
Jewellery
 n - an amulet of reflection (around neck)
 r - a +6 ring of strength
 s - a ring of poison resistance (right claw)
 u - a +4 ring of protection (left claw)
Talismans
 d - a beast talisman
 t - a serpent talisman
 H - a blade talisman
Wands
 a - a wand of flame (19)
 b - a wand of paralysis (12)
 i - a wand of iceblast (19)
 J - a wand of light (9)
 K - a wand of digging (3)
Scrolls
 j - a scroll of silence {unknown}
 k - 2 scrolls of fear {unknown}
 m - a scroll of amnesia {unknown}
 o - a scroll of vulnerability {unknown}
 p - a scroll of fog {unknown}
 q - a scroll of acquirement {unknown}
 v - 3 scrolls of immolation {unknown}
 x - a scroll of enchant armour {unknown}
 y - 3 scrolls of blinking {unknown}
 C - a scroll of brand weapon {unknown}
 D - 7 scrolls of poison
 I - a scroll of enchant weapon {unknown}
 M - a scroll of noise {unknown}
 O - 2 scrolls of teleportation {unknown}
Potions
 c - 4 potions of enlightenment
 e - 3 potions of mutation
 f - 9 potions of curing
 h - 3 potions of lignification
 l - 5 potions of heal wounds
 w - 2 potions of resistance
 z - 2 potions of invisibility {unknown}
 B - a potion of cancellation {unknown}
 E - a potion of magic {unknown}
 F - 3 potions of haste {unknown}
 G - 2 potions of might {unknown}
 L - a potion of attraction


   Skills:
 + Level 10.8 Fighting
 - Level 2.4 Dodging
 + Level 12.0 Unarmed Combat
 + Level 7.4 Shapeshifting


You had 10 spell levels left.
You didn't know any spells.
Your spell library was empty.

Dungeon Overview and Level Annotations

Branches:
Dungeon (12/15)            Temple (0/1) D:5            Lair (0/5) D:8
    Orc (0/2) D:10        Ossuary (visited)

Altars:
Dithmenos
Okawaru
Sif Muna
Trog
Uskayaw
Wu Jian
Zin

Shops:
D:7 (

Annotations:
D:12 Jorgrun


Innate Abilities, Weirdness & Mutations

You are too large for most types of armour.
You have claws for hands.
Your natural rate of healing is unusually fast.
You are covered in fur. (AC +1)
You have tough skin. (AC +1)


Message History

The vampire mosquito barely misses you.
The vampire mosquito bites you but does no damage.
A red film seems to cover your vision as you go berserk!
You feel yourself moving faster!
You feel mighty! Jorgrun hits you with a staff of earth!
The ground beneath you fractures!!
The vampire mosquito bites you but does no damage.
You completely miss Jorgrun.
Jorgrun is lightly wounded.
The vampire mosquito bites you but does no damage.
Jorgrun hits you with a staff of earth! The ground beneath you fractures!!
You block the vampire mosquito's attack.
You claw Jorgrun!
Jorgrun is lightly wounded.
The vampire mosquito closely misses you.
Jorgrun hits you with a staff of earth! The ground beneath you fractures!!
* * * LOW HITPOINT WARNING * * *
You barely miss Jorgrun.
Jorgrun is lightly wounded.
You claw Jorgrun! You claw Jorgrun!!!
Jorgrun is heavily wounded.
You block the vampire mosquito's attack.
Jorgrun hits you but does no damage.
You mangle Jorgrun!!
Jorgrun is severely wounded.
You block the vampire mosquito's attack.
You claw Jorgrun!
Jorgrun is almost dead.
You block the vampire mosquito's attack.
Jorgrun hits you with a staff of earth!
* * * LOW HITPOINT WARNING * * *
The ground beneath you fractures!
* * * LOW HITPOINT WARNING * * *
The vampire mosquito misses you.
You closely miss Jorgrun. Your claw misses Jorgrun.
Jorgrun is almost dead.
You claw Jorgrun!
Jorgrun is almost dead.
The vampire mosquito bites you but does no damage.
Jorgrun hits you but does no damage. The ground beneath you fractures!!
You die...

.......#.....#'#######...........
.......#######...................
.....y.........#####..........###
...............#...#..........#..
...............#...#..........#..
...............#...#..........#..
...............#...#..........###
...............#...#.............
...............g@..........####..
#########......y†..#..###### #..
#......#####..# ###
#.............# ####..†......^#
#..........# ####.......#
#########


You could see Jorgrun and a vampire mosquito.

Vanquished Creatures
  A two-headed ogre (D:9)
  Nergalle (D:11)
  A deep elf pyromancer (D:12)
  2 cyclopes
  2 gargoyles
  Joseph (D:7)
  An unseen horror (D:12)
  Psyche (D:8)
  2 trolls
  A hornet (D:4)
  A shadow (D:9)
  Sigmund (D:3)
  A vampire (D:11)
  2 wraiths
  8 yaks
  A wyvern (D:8)
  9 vampire mosquitoes
  Grum (D:9)
  2 acid dragons
  A water moccasin (D:5)
  A sky beast (D:7)
  2 black bears
  6 orc warriors
  5 wolves
  2 centaurs
  3 ogres
  An elf zombie (Ossuary)
  3 bullfrogs
  A kobold brigand (D:11)
  2 gnoll sergeants (D:10)
  8 scorpions
  12 wights
  2 burial acolytes (Ossuary)
  6 killer bees (D:11)
  4 howler monkeys
  A bombardier beetle (D:5)
  A gnoll bouda (D:7)
  11 orc priests
  A hound (D:5)
  A human zombie (Ossuary)
  Crazy Yiuf (D:3)
  13 orc wizards
  A sleepcap (D:4)
  An iguana (D:6)
  2 hound zombies (Ossuary)
  2 mummies (Ossuary)
  18 gnolls
  6 adders
  A shadow imp (D:5)
  3 white imps
  2 ufetubi (D:6)
  An adder zombie (Ossuary)
  4 dart slugs
  2 ribbon worms
  43 orcs
  8 endoplasms
  2 giant cockroaches
  6 goblins
  11 hobgoblins
  6 jackals
  8 kobolds
  2 quokkas
  2 ball pythons
  6 bats
  7 frilled lizards
  4 rats
275 creatures vanquished.

Vanquished Creatures (others)
  An orc (D:8)
1 creature vanquished.

Grand Total: 276 creatures vanquished

Notes
Turn   | Place    | Note
-------+----------+-------------------------------------------
     0 | D:1      | WLBjork the Troll Berserker began the quest for the Orb.
     0 | D:1      | Reached XP level 1. HP: 22/22 MP: 0/0
   205 | D:1      | Reached XP level 2. HP: 29/29 MP: 1/1
   575 | D:1      | Reached XP level 3. HP: 30/37 MP: 2/2
  1303 | D:2      | Reached ** piety under Trog
  1313 | D:2      | Reached XP level 4. HP: 48/48 MP: 3/3
  1766 | D:3      | Found a runed translucent door.
  1767 | D:3      | Noticed Crazy Yiuf
  1842 | D:3      | Noticed Sigmund
  1849 | D:3      | Found a faded altar of an unknown god.
  1862 | D:3      | Killed Sigmund
  1863 | D:3      | Reached skill level 5 in Fighting
  1863 | D:3      | Reached skill level 4 in Unarmed Combat
  1863 | D:3      | Reached XP level 5. HP: 41/57 MP: 4/4
  2256 | D:3      | Killed Crazy Yiuf
  2257 | D:3      | Reached XP level 6. HP: 52/66 MP: 5/5
  2311 | D:4      | Noticed a hornet
  2316 | D:4      | Killed a hornet
  2317 | D:4      | Reached skill level 5 in Unarmed Combat
  2379 | D:4      | Reached XP level 7. HP: 72/74 MP: 6/6
  3147 | D:5      | Entered Level 5 of the Dungeon
  3206 | D:5      | Reached skill level 6 in Unarmed Combat
  3342 | D:5      | Reached XP level 8. HP: 35/84 MP: 7/7
  3454 | D:5      | Found a staircase to the Ecumenical Temple.
  3555 | D:5      | Reached skill level 7 in Unarmed Combat
  3671 | D:5      | Reached *** piety under Trog
  3878 | D:6      | Found a sand-covered staircase.
  3891 | D:6      | Reached skill level 8 in Unarmed Combat
  3908 | D:6      | Reached XP level 9. HP: 59/96 MP: 8/8
  3935 | Ossuary  | Entered an ossuary
  3935 | Ossuary  | Found a huge runed translucent gate.
  3935 | Ossuary  | Found a huge runed translucent gate.
  3935 | Ossuary  | Found a huge runed translucent gate.
  3935 | Ossuary  | Found a huge runed translucent gate.
  3935 | Ossuary  | Found a huge runed translucent gate.
  3935 | Ossuary  | Found a huge runed translucent gate.
  3935 | Ossuary  | Found a huge runed translucent gate.
  3935 | Ossuary  | Found a huge runed translucent gate.
  3967 | Ossuary  | Found a huge runed translucent gate.
  3967 | Ossuary  | Found a huge runed translucent gate.
  3967 | Ossuary  | Found a huge runed translucent gate.
  3968 | Ossuary  | Found a huge runed translucent gate.
  3968 | Ossuary  | Found a huge runed translucent gate.
  3970 | Ossuary  | Found a huge runed translucent gate.
  3970 | Ossuary  | Found a huge runed translucent gate.
  3974 | Ossuary  | Found a huge runed translucent gate.
  3974 | Ossuary  | Found a huge runed translucent gate.
  3974 | Ossuary  | Found a huge runed translucent gate.
  3974 | Ossuary  | Found a huge runed translucent gate.
  3975 | Ossuary  | Found a huge runed translucent gate.
  3975 | Ossuary  | Found a huge runed translucent gate.
  3975 | Ossuary  | Found a huge runed translucent gate.
  3977 | Ossuary  | Found a huge runed translucent gate.
  3977 | Ossuary  | Found a huge runed translucent gate.
  3978 | Ossuary  | Found a huge runed translucent gate.
  3978 | Ossuary  | Found a huge runed translucent gate.
  3979 | Ossuary  | Found a huge runed translucent gate.
  3979 | Ossuary  | Found a huge runed translucent gate.
  3992 | Ossuary  | Found a huge runed translucent gate.
  3992 | Ossuary  | Found a huge runed translucent gate.
  3993 | Ossuary  | Found a huge runed translucent gate.
  3993 | Ossuary  | Found a huge runed translucent gate.
  3993 | Ossuary  | Found a huge runed translucent gate.
  3993 | Ossuary  | Found a huge runed translucent gate.
  3993 | Ossuary  | Found a huge runed translucent gate.
  4153 | D:6      | Reached skill level 9 in Unarmed Combat
  4241 | D:6      | Reached skill level 1 in Shapeshifting
  4317 | D:6      | Reached **** piety under Trog
  4831 | D:7      | Noticed Joseph
  4848 | D:7      | Killed Joseph
  5085 | D:7      | Found Ismymuit's Firing Range.
  5290 | D:8      | Noticed Psyche
  5302 | D:8      | Killed Psyche
  5303 | D:8      | Reached XP level 10. HP: 107/107 MP: 9/9
  5461 | D:8      | Found a staircase to the Lair.
  5463 | D:8      | Reached skill level 10 in Unarmed Combat
  5587 | D:8      | Found a shadowy altar of Dithmenos.
  5836 | D:9      | Noticed Grum
  5847 | D:9      | Killed Grum
  5889 | D:9      | Reached ***** piety under Trog
  6028 | D:9      | Found a hide-covered altar of Uskayaw.
  6029 | D:9      | Found a bloodstained altar of Trog.
  6035 | D:9      | Found an iron altar of Okawaru.
  6035 | D:9      | Found an ornate altar of the Wu Jian Council.
  6039 | D:9      | Found a glowing silver altar of Zin.
  6040 | D:9      | Found a shimmering blue altar of Sif Muna.
  6112 | D:9      | Reached skill level 5 in Shapeshifting
  6137 | D:9      | Noticed a two-headed ogre
  6146 | D:9      | Killed a two-headed ogre
  6354 | D:10     | Entered Level 10 of the Dungeon
  6452 | D:10     | Reached skill level 10 in Fighting
  6452 | D:10     | Reached skill level 11 in Unarmed Combat
  6463 | D:10     | Found a staircase to the Orcish Mines.
  6584 | D:10     | Reached XP level 11. HP: 60/115 MP: 10/10
  6674 | D:10     | Received a gift from Trog
  7322 | D:11     | Noticed Nergalle
  7340 | D:11     | Killed Nergalle
  7539 | D:11     | Found a shimmering blue altar of Sif Muna.
  7592 | D:12     | Noticed a deep elf pyromancer
  7599 | D:12     | Killed a deep elf pyromancer
  7928 | D:12     | Reached skill level 12 in Unarmed Combat
  8007 | D:12     | Noticed Jorgrun
  8033 | D:12     | HP: 7/178 [Jorgrun/staff of earth (17)]
  8035 | D:12     | Annihilated by Jorgrun

Illustrated notes

Levels and vault maps discovered:
D:1:      heliophobic_arrival_dark_side_of_the_moon, layout_loops_ring,
          minmay_pentomino_x4
D:2:      layout_rooms
D:3:      layout_loops_cross, nicolae_ecumenical_oubliette,
          minmay_misc_feat_five, grunt_decor_junction, uniq_sigmund,
          uniq_crazy_yiuf_cottage
D:4:      minmay_recursive_quarters, layout_basic, nicolae_zig_zag_zippers
D:5:      layout_loops_ring, minmay_temple_entry_overgrown
D:6:      layout_cave_pools, nicolae_ossuary_entry_plus
D:7:      layout_layer_cave, nicolae_shop_firing_range, uniq_joseph
D:8:      layout_basic, nicolae_dithmenos_shadow_blocks,
          erik_lair_orcish_takeover, uniq_psyche
D:9:      layout_rooms, minitemple, uniq_grum
D:10:     layout_layer_cave, erik_orc_4
D:11:     layout_rooms, led_sif_pool, uniq_nergalle
D:12:     layout_irregular_city, nicolae_two_hexagons, uniq_jorgrun

Skill      XL: |  1  2  3  4  5  6  7  8  9 10 11 |
---------------+----------------------------------+-----
Fighting       | 3 4 5 6 7 9 10 | 10.8
Unarmed Combat | 4 5 6 8 9 11 12 | 12.0
Shapeshifting  | 3 5 7 |  7.4
Dodging        | |  2.4

Action                     |  1- 3 |  4- 6 |  7- 9 | 10-12 || total
---------------------------+-------+-------+-------+-------++-------
  Melee: Unarmed           |    88 |    67 |   264 |   326 ||   745
         Punch             |       |     2 |     3 |    22 ||    27
 Invoke: Berserk           |       |     2 |     1 |     4 ||     7
  Evoke: Wand              |       |       |       |     5 ||     5
    Use: Scroll            |       |       |       |    10 ||    10
 Armour: Animal skin       |    50 |    46 |   196 |     1 ||   293
         Skin              |       |       |     7 |    21 ||    28
         Robe              |       |       |       |   359 ||   359
  Dodge: Dodged            |    29 |    38 |   107 |   138 ||   312
  Block: Other             |       |    22 |    58 |    88 ||   168
         Reflection        |       |       |     1 |       ||     1

Table legend: (Time is in decaauts)
 A = Elapsed time spent in this place.
 B = Non-inter-level travel time spent in this place.
 C = Inter-level travel time spent in this place.
 D = Time resting spent in this place.
 E = Time spent auto-exploring this place.
 F = Levels seen in this place.
 G = Mean time per level.
                   A        B        C        D        E       F      G
               +--------+--------+--------+--------+--------+-----+--------+
         Total |   7964 |   7599 |    365 |    399 |   5374 |  13 |  612.6 |
       Dungeon |   7810 |   7445 |    365 |    368 |   5333 |  12 |  650.8 |
       Ossuary |    153 |    153 |      0 |     31 |     41 |   1 |  153.0 |
               +--------+--------+--------+--------+--------+-----+--------+

Top non-repeatable levels by time:
     D:1: 976 daAuts
     D:4: 844 daAuts
     D:3: 842 daAuts
     D:5: 714 daAuts
     D:8: 682 daAuts
    D:10: 672 daAuts
     D:7: 601 daAuts
     D:9: 519 daAuts
    D:11: 512 daAuts
     D:6: 501 daAuts
     D:2: 492 daAuts
    D:12: 452 daAuts
 Ossuary: 153 daAuts
